 Dungeon Crawl Stone Soup version 0.31-a0-202-g547052bce9 (webtiles) character file.

Game seed: 7210179390839592591

265 qw the Skirmisher (level 5, -5/30 HPs)
             Began as a Deep Elf Hunter on June 26, 2023.
             Killed by nerve-wracking pain
             ... invoked by Grinder
              (13 damage)
             ... on level 3 of the Dungeon.
             The game lasted 00:00:53 (1567 turns).

qw the Skirmisher (Deep Elf Hunter)                 Turns: 1567, Time: 00:00:54

Health: -5/30      AC:  5    Str: 10    XL:     5   Next: 99%
Magic:  7/7        EV: 11    Int: 14    God:
Gold:   61         SH:  0    Dex: 18    Spells: 4/4 levels left

rFire   . . .        Y - +1 shortbow
rCold   . . .        (shield currently unavailable)
rNeg    . . .        j - +0 ring mail
rPois   .            (no helmet)
rElec   .            (no cloak)
rCorr   .            (no gloves)
SInv    .            (no boots)
Will    .....        f - amulet of the acrobat
Stlth   +            (no ring)
HPRegen 0.25/turn    (no ring)
MPRegen 0.10/turn

%: acrobat
@: no status effects
A: no striking features
a: no special abilities


You were on level 3 of the Dungeon.
You visited 1 branch of the dungeon, and saw 3 of its levels.

You collected 164 gold pieces.
You spent 103 gold pieces at shops.


   Skills:
 + Level 1.7 Fighting
 - Level 9.5 Ranged Weapons
 - Level 2.4 Dodging
 - Level 1.2 Stealth


You had 4 spell levels left.
You didn't know any spells.
Your spell library was empty.

Inventory:

Hand Weapons
 Y - a +1 shortbow (weapon)
Armour
 c - a +2 robe of willpower
 j - a +0 ring mail (worn)
Jewellery
 f - an amulet of the acrobat (around neck)
Scrolls
 d - a scroll of blinking {unknown}
 g - 3 scrolls of teleportation
Potions
 a - a potion of magic {unknown}
 b - a potion of degeneration {unknown}
 e - a potion of heal wounds
 h - a potion of curing

Dungeon Overview and Level Annotations

Branches:
Dungeon (3/15)

Altars:

Shops:
D:1 =   D:3 [

Annotations:
D:3 Grinder


Message History

Enter note:
Enter note: You see here a potion of lignification.
There is a stone staircase leading down here.
d - a scroll labelled XOAFUFI TOSTORR You see here a scroll of revelation.
Enter note:
Enter note:
Enter note: Grinder comes into view.
Grinder blinks!
Enter note:
Enter note:
Enter note: You shoot an arrow.
The arrow closely misses Grinder.
You shoot an arrow.
The arrow hits Grinder but does no damage.
You shoot an arrow.
The arrow hits Grinder but does no damage.
Grinder hits you!
You writhe in agony.
You shoot an arrow.
The arrow hits Grinder but does no damage.
Grinder barely misses you.
You shoot an arrow. The arrow closely misses Grinder.
Grinder gestures at you.
You suddenly lose the ability to move!
Grinder gestures at you.
You shrug off the repeated paralysis!
Grinder blinks!
You can move again.
You shoot an arrow. The arrow hits Grinder.
Grinder is lightly wounded.
You shoot an arrow. The arrow barely misses Grinder.
Grinder hits you! Grinder hits you.
You writhe in agony.
You shoot an arrow.
The arrow hits Grinder but does no damage.
Grinder is lightly wounded.
Grinder gestures at you. Pain shoots through your body!
You die...

..#.....###..###......#
#...#
..#......######.......#
#...# ###.......#
#........######...##
#.......#
#...................
#......###
##.......######...##
#.....###..
##................#
###..###....
##...#######.....# ...#
......##5#..?## #.#.#.#
.......@.###..# #.#.# .
##.##...## ##.##
#.#.### #......#
#..#.#.#.... ####...#
##.#.#.####. #...#
#.#.#.# #.
#...######.#.#.# #.
.............# # #.
...#.######..##.# #.
............# ##.


You could see Grinder.

Vanquished Creatures
  Sigmund (D:3)
  3 adders (D:2)
  A worm (D:3)
  A dart slug (D:2)
  5 orcs
  A ball python (D:1)
  8 bats
  6 endoplasms
  A giant cockroach (D:2)
  3 goblins
  7 hobgoblins
  3 jackals (D:1)
  3 quokkas
  6 frilled lizards
  9 kobolds
  6 rats
64 creatures vanquished.

Notes
Turn   | Place    | Note
-------+----------+-------------------------------------------
     0 | D:1      | qw the Deep Elf Hunter began the quest for the Orb.
     0 | D:1      | Reached XP level 1. HP: 12/12 MP: 3/3
     0 | D:1      | 0 ||| qw: Version: 0.3-a-22-g0ed2b0b
     0 | D:1      | 0 ||| qw: Game counter: 5979
     0 | D:1      | 0 ||| qw: Melee chars always use a shield: true
     0 | D:1      | 0 ||| qw: God list: Okawaru
     0 | D:1      | 0 ||| qw: Allow faded altars: false
     0 | D:1      | 0 ||| qw: Do Orc after clearing Dungeon:15 true
     0 | D:1      | 0 ||| qw: Do second Lair branch before Depths: true
     0 | D:1      | 0 ||| qw: Lair rune preference: random
     0 | D:1      | 0 ||| qw: Goals: Normal
     0 | D:1      | 0 ||| PLANNING D:1-11
    31 | D:1      | Reached skill level 6 in Ranged Weapons
    31 | D:1      | Reached XP level 2. HP: 16/16 MP: 4/4
   129 | D:1      | HP: 3/16 [kobold/+0 whip (4)]
   131 | D:1      | HP: 1/16 [frilled lizard (3)]
   270 | D:1      | Reached XP level 3. HP: 20/20 MP: 5/5
   466 | D:1      | Found Jang's Jewellery Emporium.
   469 | D:1      | 469 ||| SHOPLISTING +4 ring of protection (468 gold, have
                  | 57).
   469 | D:1      | 469 ||| SHOPLISTING +6 ring of dexterity (468 gold, have
                  | 57).
   469 | D:1      | 469 ||| SHOPLISTING ring of ice (325 gold, have 57).
   469 | D:1      | 469 ||| SHOPLISTING ring of protection from cold (325 gold,
                  | have 57).
   469 | D:1      | 469 ||| SHOPLISTING ring of protection from fire (325 gold,
                  | have 57).
   469 | D:1      | 469 ||| SHOPLISTING ring of see invisible (195 gold, have
                  | 57).
   471 | D:1      | 471 ||| READING scroll labelled FILYR MOTENU.
   472 | D:1      | 472 ||| READING scroll labelled REUZUGERRAU.
   473 | D:1      | 473 ||| DRINKING 2 emerald potions.
   474 | D:1      | 474 ||| DROPPING scroll of butterflies.
   475 | D:1      | 475 ||| DROPPING potion of attraction.
   571 | D:2      | Reached skill level 7 in Ranged Weapons
   636 | D:2      | HP: 5/20 [adder (1)]
   729 | D:2      | Reached XP level 4. HP: 25/25 MP: 6/6
  1157 | D:2      | 1157 ||| UPGRADING to +0 scale mail.
  1167 | D:2      | 1167 ||| DROPPING +0 leather armour.
  1168 | D:2      | 1168 ||| UPGRADING to +0 ring mail.
  1178 | D:2      | 1178 ||| DROPPING +0 scale mail.
  1179 | D:2      | 1179 ||| UPGRADING to amulet of the acrobat.
  1184 | D:2      | 1184 ||| DROPPING +6 ring of intelligence.
  1185 | D:2      | 1185 ||| READING scroll labelled WEFEOXKYSKI.
  1186 | D:2      | 1186 ||| READING scroll labelled LINYMI KATS.
  1187 | D:2      | 1187 ||| READING 3 scrolls labelled BAC IDEETO.
  1190 | D:2      | 1190 ||| DRINKING 3 fuming grey potions.
  1234 | D:2      | 1234 ||| DRINKING 2 fuming silvery potions.
  1235 | D:2      | 1235 ||| DROPPING 2 potions of lignification.
  1331 | D:3      | Noticed Sigmund
  1338 | D:3      | Killed Sigmund
  1339 | D:3      | Reached skill level 9 in Ranged Weapons
  1339 | D:3      | Reached XP level 5. HP: 24/29 MP: 7/7
  1424 | D:3      | Found Idecog's Antique Armour Boutique.
  1433 | D:3      | 1433 ||| SHOPLISTING glowing hat (196 gold, have 158).
  1433 | D:3      | 1433 ||| BUYING runed robe (103 gold).
  1433 | D:3      | Bought a runed robe for 103 gold pieces
  1556 | D:3      | Noticed Grinder
  1561 | D:3      | Paralysed by Grinder for 4 turns
  1567 | D:3      | Killed from afar by Grinder

Levels and vault maps discovered:
D:1:      wander_arrival_fairy_ring, layout_rooms, serial_shops,
          nicolae_shop_tiny_real_fake_doors
D:2:      cheibrodos_old_hovel, layout_loops_cross, minmay_pentomino_s4
D:3:      layout_basic, serial_shops, nicolae_shop_advertising_works
          [nicolae_subvault_shop_adworks], st_stairs_11, minivault_19,
          uniq_grinder, uniq_sigmund

Skill      XL: |  1  2  3  4 |
---------------+-------------+-----
Ranged Weapons | 6 7 9 |  9.5
Fighting       | |  1.7
Dodging        | |  2.4
Stealth        | |  1.2

Action                     |  1- 3 |  4- 6 || total
---------------------------+-------+-------++-------
   Fire: Shortbow          |   146 |    70 ||   216
    Use: Scroll            |     2 |     3 ||     5
         Potion            |     1 |     2 ||     3
 Armour: Leather armour    |    26 |     1 ||    27
         Ring mail         |       |     4 ||     4
  Dodge: Dodged            |    71 |    15 ||    86

Table legend:
 A = Non-vault XP
 B = Vault XP
 C = Vault XP percentage of total XP
 D = Non-vault monster count
 E = Vault monster count
 F = Vault count percentage of total count
                 A         B        C        D         E       F
            +---------+---------+-------+---------+---------+-------
      Total |     119 |     260 |  68.6 |      56 |       8 |  12.5
            +---------+---------+-------+---------+---------+-------
        D:1 |      59 |       0 |   0.0 |      35 |       0 |   0.0
        D:2 |      46 |      20 |  30.3 |      15 |       4 |  21.1
        D:3 |      14 |     240 |  94.5 |       6 |       4 |  40.0
            +---------+---------+-------+---------+---------+-------
